PAAA
BAKERSFIELD NOBLES @ CALGARY LYNX
07/30/2056
 
TOP OF THE 1ST
Bakersfield Nobles batting - Pitching for Calgary Lynx : RHP Ashley Remington
Pitching: RHP Ashley Remington
Batting: LHB Kel Jones 0-0: Ball
1-0: Foul Ball, location: 2F
1-1: Ball
2-1: Ball
3-1: Base on Balls
Batting: RHB Seppo Kimmonen 0-0: Foul Ball, location: 2F
0-1: Ball
1-1: Ball
2-1: Ball
3-1: Fielders Choice at 2nd, 1-4 (Groundball, 15S, EV 69.4 MPH)
Batting: LHB Grover Barbaran 0-0: Ball
1-0: Ball
2-0: Foul Ball, location: 2F
2-1: Foul Ball, location: 2F
2-2: Ball
3-2: Fly out, F7 (Flyball, 7, EV 86.9 MPH)
Batting: LHB Jean Kools 0-0: Ball
1-0: Ball
2-0: Ball
3-0: Base on Balls
Seppo Kimmonen to second
Batting: LHB Víctor Sánchez 0-0: Called Strike
0-1: Foul Ball, location: 2F
0-2: Ball
1-2: Foul Ball, location: 2F
1-2: 3-RUN HOME RUN (Flyball, 7D, EV 98.8 MPH), Distance : 391 ft
Batting: LHB Chun-yeong Pyon 0-0: Ball
1-0: Foul Ball, location: 2F
1-1: Ball
2-1: Ground out 4-3 (Groundball, 4, EV 103.8 MPH)
Top of the 1st over - 3 runs, 1 hit, 0 errors, 0 left on base; Bakersfield 3 - Calgary 0
BOTTOM OF THE 1ST
Calgary Lynx batting - Pitching for Bakersfield Nobles : LHP Tai sun Rang
Pitching: LHP Tai sun Rang
Batting: LHB Rodrigo Rodríguez 0-0: Ball
1-0: Called Strike
1-1: Foul Ball, location: 2F
1-2: Foul Ball, location: 2F
1-2: Strikes out swinging
Batting: RHB Júlio Durán 0-0: Ball
1-0: Ball
2-0: Foul Ball, location: 2F
2-1: Swinging Strike
2-2: Strikes out looking
Batting: RHB Miguel Zarate 0-0: Ball
1-0: Ball
2-0: Called Strike
2-1: Called Strike
2-2: Ball
3-2: Foul Ball, location: 2F
3-2: Strikes out swinging
Bottom of the 1st over - 0 runs, 0 hits, 0 errors, 0 left on base; Bakersfield 3 - Calgary 0
TOP OF THE 2ND
Bakersfield Nobles batting - Pitching for Calgary Lynx : RHP Ashley Remington
Batting: RHB Bill Zimmerman 0-0: Fly out, F9 (Line Drive, 9LM, EV 92.5 MPH)
Batting: RHB Luis Macazaga 0-0: Foul Ball, location: 2F
0-1: Ball
1-1: Ball
2-1: Foul Ball, location: 2F
2-2: Ground out 4-3 (Groundball, 4, EV 84.4 MPH)
Batting: RHB Floyd Hoover 0-0: Called Strike
0-1: Ground out 5-3 (Groundball, 56, EV 101.2 MPH)
Top of the 2nd over - 0 runs, 0 hits, 0 errors, 0 left on base; Bakersfield 3 - Calgary 0
BOTTOM OF THE 2ND
Calgary Lynx batting - Pitching for Bakersfield Nobles : LHP Tai sun Rang
Batting: RHB Claude Berry 0-0: Ball
1-0: Foul Ball, location: 2F
1-1: SINGLE (Groundball, 6MD, EV 105.6 MPH)
Batting: LHB Thomas Inge 0-0: Ball
1-0: Ball
Claude Berry is caught stealing 2nd base 2-6
2-0: Ball
3-0: Base on Balls
Batting: LHB Gerald Riley 0-0: Ball
1-0: Ball
2-0: Called Strike
2-1: DOUBLE (Line Drive, 78XD, EV 108.8 MPH)
Thomas Inge to third
Batting: RHB Christian Gray 0-0: SINGLE (Groundball, 6MD, EV 95.0 MPH)
Thomas Inge scores
Gerald Riley to third
Batting: RHB César Núñez 0-0: Grounds into double play, 6-4-3 (Groundball, 6, EV 78.8 MPH)
Bottom of the 2nd over - 1 run, 3 hits, 0 errors, 1 left on base; Bakersfield 3 - Calgary 1
TOP OF THE 3RD
Bakersfield Nobles batting - Pitching for Calgary Lynx : RHP Ashley Remington
Batting: LHB Kel Jones 0-0: Swinging Strike
0-1: Ball
1-1: Ball
2-1: Swinging Strike
2-2: Ball
3-2: Strikes out swinging
Batting: RHB Seppo Kimmonen 0-0: Ball
1-0: Foul Ball, location: 2F
1-1: Ball
2-1: Reached on error, E5 (Groundball, 56, EV 89.4 MPH)
Batting: LHB Grover Barbaran 0-0: Called Strike
0-1: Ball
1-1: Foul Ball, location: 2F
1-2: Grounds into double play, 4-6-3 (Groundball, 4, EV 81.2 MPH)
Top of the 3rd over - 0 runs, 0 hits, 1 error, 0 left on base; Bakersfield 3 - Calgary 1
BOTTOM OF THE 3RD
Calgary Lynx batting - Pitching for Bakersfield Nobles : LHP Tai sun Rang
Batting: LHB Quint Boom 0-0: Ball
1-0: Foul Ball, location: 2F
1-1: Ball
2-1: Ball
3-1: Swinging Strike
3-2: Strikes out swinging
Batting: LHB Rodrigo Rodríguez 0-0: Called Strike
0-1: Ball
1-1: Ball
2-1: Ball
3-1: Base on Balls
Batting: RHB Júlio Durán 0-0: Fly out, F8 (Line Drive, 8LM, EV 106.9 MPH)
Batting: RHB Miguel Zarate 0-0: Ball
1-0: Called Strike
1-1: Ball
2-1: Fly out, F8 (Line Drive, 8LD, EV 93.8 MPH)
Bottom of the 3rd over - 0 runs, 0 hits, 0 errors, 1 left on base; Bakersfield 3 - Calgary 1
TOP OF THE 4TH
Bakersfield Nobles batting - Pitching for Calgary Lynx : RHP Ashley Remington
Batting: LHB Jean Kools 0-0: Ball
1-0: SINGLE (Line Drive, 78M, EV 104.4 MPH)
Batting: LHB Víctor Sánchez 0-0: Ball
1-0: Ball
2-0: SINGLE (Line Drive, 8RS, EV 111.2 MPH)
Jean Kools to second
Batting: LHB Chun-yeong Pyon 0-0: Called Strike
0-1: Foul Ball, location: 2F
0-2: Foul Ball, location: 2F
0-2: Ball
1-2: Foul Ball, location: 2F
1-2: Foul Ball, location: 2F
1-2: Ball
2-2: Fly out, F7 (Line Drive, 7, EV 100.0 MPH)
Runner from 2nd tags up, SAFE at 3rd with throw by LF
Batting: RHB Bill Zimmerman 0-0: Ball
1-0: Ball
2-0: Swinging Strike
2-1: Foul Ball, location: 2F
2-2: Ball
3-2: Base on Balls
Víctor Sánchez to second
Batting: RHB Luis Macazaga 0-0: Ball
1-0: Ball
2-0: Ball
3-0: Base on Balls
Jean Kools scores
Víctor Sánchez to third
Bill Zimmerman to second
Pitching: RHP José Torres
Batting: RHB Floyd Hoover 0-0: Ball
1-0: Swinging Strike
1-1: Foul Ball, location: 2F
1-2: Strikes out swinging
Batting: LHB Kel Jones 0-0: Ball
1-0: Ball
2-0: Fly out, F9 (Flyball, 9LM, EV 93.1 MPH)
Top of the 4th over - 1 run, 2 hits, 0 errors, 3 left on base; Bakersfield 4 - Calgary 1
BOTTOM OF THE 4TH
Calgary Lynx batting - Pitching for Bakersfield Nobles : LHP Tai sun Rang
Batting: RHB Claude Berry 0-0: Ball
1-0: Ball
2-0: Called Strike
2-1: Foul Ball, location: 2F
2-2: Foul Ball, location: 2F
2-2: Foul Ball, location: 2F
2-2: Ball
3-2: Strikes out looking
Batting: LHB Thomas Inge 0-0: Ball
1-0: Fly out, F7 (Flyball, 7LM, EV 89.4 MPH)
Batting: LHB Gerald Riley 0-0: Ball
1-0: Ball
2-0: Called Strike
2-1: Ball
3-1: Swinging Strike
3-2: Base on Balls
Batting: RHB Christian Gray 0-0: Called Strike
0-1: Foul Ball, location: 2F
0-2: Ball
1-2: Ball
2-2: DOUBLE (Line Drive, 7LS, EV 103.1 MPH)
Gerald Riley to third
Batting: RHB César Núñez 0-0: Called Strike
0-1: Fly out, F7 (Flyball, 7LM, EV 101.2 MPH)
Bottom of the 4th over - 0 runs, 1 hit, 0 errors, 2 left on base; Bakersfield 4 - Calgary 1
TOP OF THE 5TH
Bakersfield Nobles batting - Pitching for Calgary Lynx : RHP José Torres
Batting: RHB Seppo Kimmonen 0-0: Ball
1-0: Called Strike
1-1: Called Strike
1-2: Ball
2-2: Ball
3-2: Base on Balls
Batting: LHB Grover Barbaran 0-0: TRIPLE (Flyball, 78XD, EV 108.1 MPH)
Seppo Kimmonen scores
Batting: LHB Jean Kools 0-0: Fly out, F8 (Flyball, 8LM, EV 98.8 MPH)
Runner from 3rd tags up, OUT at HOME! 8-2
Batting: LHB Víctor Sánchez 0-0: Called Strike
0-1: Foul Ball, location: 2F
0-2: Ball
1-2: Ball
2-2: Strikes out swinging
Top of the 5th over - 1 run, 1 hit, 0 errors, 0 left on base; Bakersfield 5 - Calgary 1
BOTTOM OF THE 5TH
Calgary Lynx batting - Pitching for Bakersfield Nobles : LHP Tai sun Rang
Batting: LHB Quint Boom 0-0: Foul Ball, location: 2F
0-1: Swinging Strike
0-2: Ground out 3-1 (Groundball, 34, EV 79.4 MPH)
Batting: LHB Rodrigo Rodríguez 0-0: Called Strike
0-1: Ball
1-1: Swinging Strike
1-2: Foul Ball, location: 2F
1-2: Ball
2-2: Foul Ball, location: 2F
2-2: Foul Ball, location: 2F
2-2: Strikes out swinging
Batting: RHB Júlio Durán 0-0: Ball
1-0: Ball
2-0: Called Strike
2-1: Fly out, F2 (Popup, 15S, EV 83.1 MPH)
Bottom of the 5th over - 0 runs, 0 hits, 0 errors, 0 left on base; Bakersfield 5 - Calgary 1
TOP OF THE 6TH
Bakersfield Nobles batting - Pitching for Calgary Lynx : RHP José Torres
Batting: LHB Chun-yeong Pyon 0-0: Called Strike
0-1: Called Strike
0-2: Ball
1-2: Foul Ball, location: 2F
1-2: Ground out 6-3 (Groundball, 6, EV 86.9 MPH)
Batting: RHB Bill Zimmerman 0-0: Called Strike
0-1: Ball
1-1: Ball
2-1: Fly out, F8 (Flyball, 8RS, EV 88.8 MPH)
Batting: RHB Luis Macazaga 0-0: Foul Ball, location: 2F
0-1: Ground out 6-3 (Groundball, 6, EV 88.8 MPH)
Top of the 6th over - 0 runs, 0 hits, 0 errors, 0 left on base; Bakersfield 5 - Calgary 1
BOTTOM OF THE 6TH
Calgary Lynx batting - Pitching for Bakersfield Nobles : LHP Tai sun Rang
Pitching: RHP Mike Barraza
Batting: RHB Miguel Zarate 0-0: Ball
1-0: SINGLE (Flyball, 6MD, EV 87.5 MPH)
Batting: RHB Claude Berry 0-0: Ball
1-0: Foul Ball, location: 2F
1-1: Ball
2-1: Swinging Strike
2-2: Strikes out swinging
Batting: LHB Thomas Inge 0-0: Fly out, F8 (Flyball, 78M, EV 95.0 MPH)
Batting: LHB Gerald Riley 0-0: Fly out, F7 (Flyball, 7D, EV 98.8 MPH)
Bottom of the 6th over - 0 runs, 1 hit, 0 errors, 1 left on base; Bakersfield 5 - Calgary 1
TOP OF THE 7TH
Bakersfield Nobles batting - Pitching for Calgary Lynx : RHP José Torres
Batting: RHB Floyd Hoover 0-0: Ball
1-0: Ground out 5-3 (Groundball, 56, EV 93.8 MPH)
Batting: LHB Kel Jones 0-0: Ball
1-0: Called Strike
1-1: Foul Ball, location: 2F
1-2: Strikes out swinging
Batting: RHB Seppo Kimmonen 0-0: Ball
1-0: Foul Ball, location: 2F
1-1: Called Strike
1-2: Ball
2-2: Strikes out swinging
Top of the 7th over - 0 runs, 0 hits, 0 errors, 0 left on base; Bakersfield 5 - Calgary 1
BOTTOM OF THE 7TH
Calgary Lynx batting - Pitching for Bakersfield Nobles : RHP Mike Barraza
Batting: RHB Christian Gray 0-0: Called Strike
0-1: Ball
1-1: Called Strike
1-2: Strikes out swinging
Batting: RHB César Núñez 0-0: Foul Ball, location: 2F
0-1: Foul Ball, location: 2F
0-2: Foul Ball, location: 2F
0-2: Ball
1-2: Ground out 6-3 (Groundball, 6, EV 101.9 MPH)
Batting: LHB Quint Boom 0-0: Called Strike
0-1: Ball
1-1: Fly out, F8 (Line Drive, 8RD, EV 99.4 MPH)
Bottom of the 7th over - 0 runs, 0 hits, 0 errors, 0 left on base; Bakersfield 5 - Calgary 1
TOP OF THE 8TH
Bakersfield Nobles batting - Pitching for Calgary Lynx : RHP José Torres
Batting: LHB Grover Barbaran 0-0: Ball
1-0: Ball
2-0: Called Strike
2-1: Ground out 4-3 (Groundball, 4, EV 83.1 MPH)
Batting: LHB Jean Kools 0-0: Ball
1-0: Fly out, F6 (Popup, 6, EV 75.0 MPH)
Batting: LHB Víctor Sánchez 0-0: Swinging Strike
0-1: Ball
1-1: Ball
2-1: SOLO HOME RUN (Flyball, 78XD, EV 107.5 MPH), Distance : 422 ft
Pitching: RHP Frank Baldwin
Batting: LHB Chun-yeong Pyon 0-0: Ball
1-0: Ball
2-0: Foul Ball, location: 2F
2-1: SINGLE (Groundball, 56D, EV 96.9 MPH)
Batting: RHB Bill Zimmerman 0-0: Ball
1-0: Called Strike
1-1: Swinging Strike
1-2: Foul Ball, location: 2F
1-2: SINGLE (Groundball, 6M, EV 100.0 MPH) (infield hit)
Chun-yeong Pyon to second
Batting: RHB Luis Macazaga 0-0: Ball
1-0: SINGLE (Groundball, 4MD, EV 96.9 MPH)
Chun-yeong Pyon to third
Bill Zimmerman to second
Batting: RHB Floyd Hoover 0-0: Called Strike
0-1: Called Strike
0-2: Strikes out swinging
Top of the 8th over - 1 run, 4 hits, 0 errors, 3 left on base; Bakersfield 6 - Calgary 1
BOTTOM OF THE 8TH
Calgary Lynx batting - Pitching for Bakersfield Nobles : RHP Mike Barraza
Batting: LHB Rodrigo Rodríguez 0-0: Called Strike
0-1: Ball
1-1: Fly out, F9 (Flyball, 9D, EV 105.6 MPH)
Batting: RHB Júlio Durán 0-0: SINGLE (Line Drive, 9LS, EV 100.0 MPH)
Batting: RHB Miguel Zarate 0-0: Called Strike
0-1: Fly out, F7 (Flyball, 7D, EV 80.6 MPH)
Pinch Hitting: LHB Wen Mi 0-0: Ball
1-0: Called Strike
1-1: Ball
2-1: Ball
3-1: Foul Ball, location: 2F
3-2: Foul Ball, location: 2F
3-2: DOUBLE (Line Drive, 9LM, EV 100.6 MPH)
Júlio Durán to third
Júlio Durán scores
Batting: LHB Thomas Inge 0-0: Swinging Strike
0-1: Ball
1-1: Fly out, F8 (Flyball, 8RXD, EV 81.9 MPH)
Bottom of the 8th over - 1 run, 2 hits, 0 errors, 1 left on base; Bakersfield 6 - Calgary 2
TOP OF THE 9TH
Bakersfield Nobles batting - Pitching for Calgary Lynx : RHP Frank Baldwin
Now at SS: Jorge Gavilanes
Batting: LHB Kel Jones 0-0: Reached on error, E6 (Groundball, 6, EV 96.9 MPH)
Batting: RHB Seppo Kimmonen 0-0: Ball
1-0: Foul Ball, location: 2F
1-1: Swinging Strike
1-2: Fielders Choice at 2nd, 5-4 (Groundball, 56, EV 92.5 MPH)
Batting: LHB Grover Barbaran 0-0: Ball
1-0: Ball
2-0: Swinging Strike
2-1: Foul Ball, location: 2F
2-2: Ball
3-2: Base on Balls
Seppo Kimmonen to second
Batting: LHB Jean Kools 0-0: Swinging Strike
0-1: Ball
1-1: Fly out, F1 (Line Drive, P, EV 65.0 MPH)
Batting: LHB Víctor Sánchez 0-0: Foul Ball, location: 2F
0-1: Foul Ball, location: 2F
0-2: Ball
1-2: Strikes out looking
Top of the 9th over - 0 runs, 0 hits, 1 error, 2 left on base; Bakersfield 6 - Calgary 2
BOTTOM OF THE 9TH
Calgary Lynx batting - Pitching for Bakersfield Nobles : RHP Mike Barraza
Batting: LHB Gerald Riley 0-0: Ball
1-0: Ball
2-0: Called Strike
2-1: Ball
3-1: Foul Ball, location: 2F
3-2: Strikes out swinging, 2-3 out at first.
Batting: RHB Christian Gray 0-0: Ball
1-0: Ball
2-0: Ball
3-0: Called Strike
3-1: Base on Balls
Pitching: RHP Gustavo Carrillo
Batting: RHB César Núñez 0-0: Ball
1-0: Grounds into double play, 5-4-3 (Groundball, 56, EV 80.6 MPH)
Bottom of the 9th over - 0 runs, 0 hits, 0 errors, 0 left on base; Bakersfield 6 - Calgary 2
Tuesday, October 15th , 2024 - OOTP Baseball 25.9 Build 91